 Dungeon Crawl Stone Soup version 0.29-a0-721-g7f417c9bbb (webtiles) character file.

Game seed: 15715691804366727709

13002 garrulousMonolith the Cleaver (level 12, -8/106 HPs)
             Began as a Hill Orc Fighter on June 27, 2022.
             Was a Follower of Beogh.
             Killed from afar by an efreet (20 damage)
             ... with a fireball
             ... on level 2 of the Abyss.
             The game lasted 00:15:59 (10543 turns).

garrulousMonolith the Cleaver (Hill Orc Fighter)   Turns: 10543, Time: 00:16:00

Health: -8/106     AC: 29    Str: 22    XL:     12   Next: 1%
Magic:  0/8        EV: 12    Int: 16    God:    Beogh [*.....]
Gold:   553        SH:  5    Dex:  6    Spells: 11/11 levels left

rFire   . . .      SeeInvis .   a - +4 broad axe (venom)
rCold   . . .      Faith    .   c - +0 buckler
rNeg    . . .      Spirit   +   n - +18 Lear's hauberk
rPois   .          Reflect  .   (helmet currently unavailable)
rElec   .          Harm     .   I - scarf {+Inv}
rCorr   .          Rampage  .   (gloves currently unavailable)
Will    .....                   (boots currently unavailable)
Stlth   ..........              g - amulet of guardian spirit
HPRegen 0.00/turn               p - +4 ring of evasion
MPRegen 0.11/turn               w - +6 ring of intelligence

@: inhibited regen, unable to drink
A: [clumsy 2], [deterioration 2], [low MP 3], [screaming 2], [inhibited
regeneration], [inability to drink while threatened 2]
a: Renounce Religion, Evoke Invisibility


You were on level 2 of the Abyss.
You worshipped Beogh.
Beogh was aware of your devotion.
You visited 2 branches of the dungeon, and saw 11 of its levels.
You visited the Abyss 1 time.

You collected 721 gold pieces.
You spent 168 gold pieces at shops.

Inventory:

Hand Weapons
 a - a +4 broad axe of venom (weapon)
 d - a +0 halberd
 f - a +0 sling
Missiles
 z - 23 poisoned darts (quivered)
Armour
 c - a +0 buckler (worn)
 i - a +0 ring mail of poison resistance
 m - a +0 chain mail
 n - the +18 Lear's hauberk (worn)
   (You found it on level 9 of the Dungeon)
 v - a +2 pair of boots
 I - a scarf of invisibility (worn)
Magical Staves
 e - a staff of cold
Jewellery
 g - an amulet of guardian spirit (around neck)
 p - a +4 ring of evasion (left hand)
 w - a +6 ring of intelligence (right hand)
 x - a ring of magical power
 L - a ring of flight
Wands
 q - a wand of iceblast (8)
 C - a wand of charming (6)
 J - a wand of quicksilver (7)
 M - a wand of polymorph (1)
Scrolls
 b - 2 scrolls of amnesia
 l - a scroll of poison
 o - 2 scrolls of fear {unknown}
 A - a scroll of fog {unknown}
 B - 2 scrolls of silence {unknown}
 F - a scroll of immolation {unknown}
 G - a scroll of magic mapping {unknown}
 K - a scroll of enchant armour
Potions
 j - 2 potions of lignification
 s - 2 potions of attraction
 t - 3 potions of brilliance
 u - a potion of mutation
 D - a potion of haste
 E - a potion of flight
 H - a potion of magic {unknown}


   Skills:
 + Level 10.0 Fighting
 * Level 14.4 Axes
 + Level 9.1 Armour
 + Level 9.1 Shields
 + Level 7.7 Evocations


You had 11 spell levels left.
You didn't know any spells.
Your spell library contained the following spells:

 Spells                   Type           Power      Damage    Failure   Level
 Beastly Appendage        Tmut           0%         N/A       89%         1
 Sublimation of Blood     Necr           0%         N/A       96%         2
 Wereblood                Tmut           0%         N/A       96%         2
 Spider Form              Tmut/Pois      0%         N/A       99%         3
 Dispersal                Tloc           0%         N/A       100%        6
 Summon Hydra             Summ           0%         N/A       100%        7
 Disjunction              Tloc           0%         N/A       100%        8


Dungeon Overview and Level Annotations

Branches:
Dungeon (10/15)            Temple (1/1) D:5            Lair (0/6) D:8
    Orc: D:9-12

Altars:
Ashenzari
Cheibriados
Dithmenos
Elyvilon
Fedhas
Gozag
Hepliaklqana
Kikubaaqudgha
Makhleb
Nemelex Xobeh
Okawaru
Qazlal
Ru
Sif Muna
Trog
Uskayaw
Vehumet
Wu Jian
Xom
Yredelemnul
Zin
The Shining One

Shops:
D:2 (:(


Innate Abilities, Weirdness & Mutations

[You are very clumsy. (Dex -4)]
[Your body often deteriorates upon taking damage.]
[Your magical capacity is extremely low. (-30% MP)]
[You frequently scream uncontrollably at your foes.]
[You do not regenerate when monsters are visible.]
[You sometimes lose the ability to drink potions when taking damage.]


Message History

Your regeneration stops near monsters.
You feel yourself wasting away.
You feel your body start to fall apart.
You cannot drink potions in your current state!
You cannot drink potions in your current state!
You cannot drink potions in your current state!
Blink to where?
Press: ? - help, Dir - move target, p - shadow demon
As you read the scroll of blinking, it crumbles to dust.
You cannot drink potions in your current state!
As you read the scroll of summoning, it crumbles to dust.
Wisps of shadow whirl around you...
Your raiju looks sick.
Your naga looks sick.
Your naga warrior looks sick.
Your raiju looks sick.
Your guardian serpent looks sick.
Your salamander looks sick.
Your raiju looks sick.
You swap places.
The ancient zyme barely misses your naga warrior.
The ancient zyme closely misses your naga warrior.
You feel ill.
Your naga looks sick.
You start resting.
You are suddenly pulled into a different region of the Abyss!
Found a corrupted altar of Lugonu.
You cannot drink potions in your current state!
You start resting.
You can drink potions again.
You start resting.
Magic restored.
You feel better.
You start resting.
You feel your health improve.
You start resting.
A large abomination comes into view.
A large abomination is nearby!
A starcursed mass comes into view.
An efreet comes into view.
It is wielding a +4 scimitar of flaming.
The starcursed mass shrieks in your mind.
* * * LOW HITPOINT WARNING * * *
The efreet gestures at you.
The fireball explodes!
The fireball engulfs you!!
You feel threatened and lose the ability to drink potions!
You die...

### #.. #..#..##
.......# #.#.#..
♣#..... . ....# #..
#######...# ....
.......@#.#..# .
......#....###..
.......#.#.#..#
...≈.....#...#
......##..#.### #
........##X.# .#
.≈..R.#.##...##.# .
...°..#.#.###...#..
.....≈....#.#...###


You could see a starcursed mass and an efreet.

Vanquished Creatures
  A hydra (D:9)
  A two-headed ogre (D:9)
  A thrashing horror (Abyss:2)
  Lodul (D:9)
  A large abomination (Abyss:2)
  A cyclops (D:10)
  Joseph (D:10)
  Maggie (D:9)
  A gargoyle (D:10)
  A komodo dragon (D:8)
  3 shadows
  2 fire bats (Abyss:2)
  An unseen horror simulacrum (D:10)
  A neqoxec (Abyss:2)
  16 yaks
  A vampire mosquito (D:9)
  2 steam dragons
  4 water moccasins
  A small abomination (Abyss:2)
  An ice beast (D:5)
  13 ogres
  5 black bears
  7 centaurs
  A phantom (D:5)
  A kobold brigand (D:6)
  4 necrophages
  4 bullfrogs
  16 killer bees
  5 howler monkeys
  2 lava snakes (D:7)
  3 jellies (D:6)
  2 gnoll shamans
  3 hounds
  5 iguanas
  5 orc wizards
  8 adders
  11 gnolls
  2 shadow imps
  2 white imps
  An ufetubus (Abyss:2)
  A worm (D:2)
  A dart slug (D:1)
  31 orcs
  5 ball pythons
  3 endoplasms
  A giant cockroach (D:4)
  5 goblins
  10 hobgoblins
  9 jackals
  2 quokkas
  4 bats
  3 frilled lizards
  9 kobolds
  8 rats
234 creatures vanquished.

Vanquished Creatures (collateral kills)
  A water moccasin (D:8)
1 creature vanquished.

Vanquished Creatures (others)
  A water moccasin (D:8)
  A quasit (Abyss:2)
  27 fungi (D:8)
  46 plants
75 creatures vanquished.

Grand Total: 310 creatures vanquished

Notes
Turn   | Place    | Note
-------+----------+-------------------------------------------
     0 | D:1      | garrulousMonolith the Hill Orc Fighter began the quest for
                  | the Orb.
     0 | D:1      | Reached XP level 1. HP: 19/19 MP: 1/1
   219 | D:1      | Reached skill level 3 in Axes
   219 | D:1      | Reached XP level 2. HP: 15/27 MP: 2/2
   372 | D:1      | Found a faded altar of an unknown god.
   803 | D:1      | Reached XP level 3. HP: 33/33 MP: 3/3
  1281 | D:2      | Found Zeacuped's Antique Weapon Emporium.
  1299 | D:2      | Reached skill level 1 in Evocations
  1405 | D:2      | Found Hybat's Book Shop.
  1510 | D:2      | Found Telasig's Antique Weapon Emporium.
  1523 | D:2      | Reached XP level 4. HP: 37/40 MP: 4/4
  1565 | D:2      | Reached skill level 4 in Axes
  1770 | D:2      | Found a burning altar of Makhleb.
  2499 | D:3      | Reached XP level 5. HP: 14/46 MP: 0/5
  2743 | D:2      | Bought a glowing broad axe for 168 gold pieces
  3209 | D:4      | Reached skill level 5 in Axes
  3283 | D:4      | Reached XP level 6. HP: 50/53 MP: 6/6
  3316 | D:4      | Found an opulent altar of Gozag.
  3822 | D:5      | Entered Level 5 of the Dungeon
  3869 | D:5      | Reached skill level 5 in Fighting
  3869 | D:5      | Reached XP level 7. HP: 46/61 MP: 5/7
  3945 | D:5      | Found a staircase to the Ecumenical Temple.
  3957 | D:5      | Reached skill level 6 in Axes
  4172 | D:5      | Reached skill level 5 in Shields
  4211 | D:5      | Reached skill level 7 in Axes
  4211 | D:5      | Reached skill level 5 in Armour
  4222 | D:5      | Reached XP level 8. HP: 70/70 MP: 8/8
  4593 | D:6      | Found a hide-covered altar of Uskayaw.
  4606 | D:6      | Reached skill level 8 in Axes
  4679 | D:6      | Found a radiant altar of Vehumet.
  4762 | Temple   | Entered the Ecumenical Temple
  4880 | D:6      | Found a sacrificial altar of Ru.
  4988 | D:6      | Reached XP level 9. HP: 47/78 MP: 4/9
  5142 | D:6      | Reached skill level 9 in Axes
  5420 | D:6      | Found a shimmering blue altar of Sif Muna.
  5927 | D:7      | Found a sparkling altar of Nemelex Xobeh.
  5927 | D:7      | Found a basalt altar of Yredelemnul.
  6076 | D:7      | Reached skill level 10 in Axes
  6080 | D:7      | Reached skill level 5 in Evocations
  6910 | D:8      | Noticed a komodo dragon
  6932 | D:8      | Killed a komodo dragon
  6933 | D:8      | Reached XP level 10. HP: 29/88 MP: 3/10
  6945 | D:8      | Reached skill level 11 in Axes
  7239 | D:8      | Found a blossoming altar of Fedhas.
  7240 | D:8      | Found a staircase to the Lair.
  8121 | D:9      | Found the +18 Lear's hauberk
  8254 | D:9      | Reached skill level 12 in Axes
  8302 | D:9      | Became a worshipper of Beogh the Brigand
  8543 | D:9      | Noticed Maggie
  8555 | D:9      | Killed Maggie
  8753 | D:9      | Noticed a two-headed ogre
  8764 | D:9      | Killed a two-headed ogre
  8765 | D:9      | Reached XP level 11. HP: 68/95 MP: 7/11
  8924 | D:9      | Reached skill level 13 in Axes
  8927 | D:9      | Reached * piety under Beogh
  9348 | D:10     | Entered Level 10 of the Dungeon
  9440 | D:10     | Noticed Joseph
  9441 | D:10     | Noticed Lodul
  9627 | D:9      | Killed Lodul
  9796 | D:10     | Noticed a cyclops
  9799 | D:10     | Noticed a five-headed hydra
  9938 | D:9      | Killed a five-headed hydra
 10085 | D:10     | Killed a cyclops
 10086 | D:10     | Killed Joseph
 10089 | D:10     | Reached skill level 14 in Axes
 10130 | D:10     | Noticed a wizard
 10134 | Abyss:2  | Cast into level 2 of the Abyss (a wizard)
 10226 | Abyss:2  | Noticed a large abomination
 10254 | Abyss:2  | Killed a large abomination
 10376 | Abyss:2  | Noticed a thrashing horror
 10380 | Abyss:2  | Noticed a thrashing horror
 10396 | Abyss:2  | Killed a thrashing horror
 10397 | Abyss:2  | Reached skill level 10 in Fighting
 10403 | Abyss:2  | Noticed a shadow demon
 10415 | Abyss:2  | Reached XP level 12. HP: 70/106 MP: 10/12
 10415 | Abyss:2  | Noticed a wretched star
 10416 | Abyss:2  | Noticed a rakshasa
 10430 | Abyss:2  | HP: 1/106 [smoke demon/divine providence (11)]
 10442 | Abyss:2  | Found a corrupted altar of Lugonu.
 10532 | Abyss:2  | Noticed a starcursed mass
 10543 | Abyss:2  | Killed from afar by an efreet

Illustrated notes

Levels and vault maps discovered:
D:1:      minmay_arrival_five_plusses, layout_loops_corners,
          chequers_ecumenical_altar_island, nrook_uturn
D:2:      layout_basic, serial_shops, shop_coins, shop, shop, basic_altar
D:3:      wad_pebble_path, layout_loops_ring, serial_bayou_lake_a
D:4:      layout_basic, kennysheep_mini
D:5:      layout_rooms, minmay_temple_entry_slanted
D:6:      layout_loops_ring, mainiacjoe_overflow_chevrons,
          nicolae_ru_great_annihilating_truth, kennysheep_mini_moat,
          lemuel_doored_altar
D:7:      layout_loops_ring, mainiacjoe_overflow_divided_tiny,
          kennysheep_cross_bottleneck
D:8:      layout_loops_ring, lemuel_crystal_altar, due_lair_maze_entry_diamond,
          minivault_11
D:9:      layout_stronghold, uniq_maggie
D:10:     layout_loops_cross, minivault_28, uniq_joseph, uniq_lodul
Temple:   eino_temple_lava
Abyss:2:  base: D:4, minivault_1

Skill      XL: |  1  2  3  4  5  6  7  8  9 10 11 |
---------------+----------------------------------+-----
Axes           | 3 4 5 7 8 10 12 14 | 14.4
Fighting       | 4 5 6 7 8 10 | 10.0
Evocations     | 1 2 3 4 5 6 7 |  7.7
Shields        | 4 5 6 7 8 9 |  9.1
Armour         | 4 5 7 8 9 |  9.1

Action                   |  1- 3 |  4- 6 |  7- 9 | 10-12 || total
-------------------------+-------+-------+-------+-------++-------
Melee: War axe           |    91 |    53 |       |       ||   144
       Broad axe         |       |    67 |   172 |   249 ||   488
Invok: Convert to Beogh  |       |       |       |     1 ||     1
Evoke: Wand              |       |       |     1 |     5 ||     6
  Use: Scroll            |     1 |     8 |     6 |     6 ||    21
       Potion            |       |     2 |     2 |     4 ||     8
 Stab: Paralysed         |       |       |     1 |       ||     1
Armor: Scale mail        |    18 |       |       |       ||    18
       Chain mail        |    27 |    61 |   104 |   208 ||   400
Dodge: Dodged            |    31 |    53 |    95 |   182 ||   361
Block: Buckler           |    21 |    30 |    39 |    90 ||   180

Table legend: (Time is in decaauts)
 A = Elapsed time spent in this place.
 B = Non-inter-level travel time spent in this place.
 C = Inter-level travel time spent in this place.
 D = Time resting spent in this place.
 E = Time spent auto-exploring this place.
 F = Levels seen in this place.
 G = Mean time per level.
                   A        B        C        D        E       F      G
               +--------+--------+--------+--------+--------+-----+--------+
         Total |  10700 |  10345 |    355 |   1683 |   7028 |  12 |  891.7 |
       Dungeon |  10230 |   9886 |    344 |   1558 |   6835 |  10 | 1023.0 |
        Temple |     66 |     56 |     10 |      0 |     49 |   1 |   66.0 |
         Abyss |    403 |    403 |      0 |    125 |    144 |   1 |  403.0 |
               +--------+--------+--------+--------+--------+-----+--------+

Top non-repeatable levels by time:
     D:9: 1840 daAuts
     D:8: 1243 daAuts
     D:1: 1241 daAuts
     D:6: 1206 daAuts
     D:3: 1161 daAuts
     D:7: 1019 daAuts
     D:2: 825 daAuts
     D:5: 810 daAuts
     D:4: 704 daAuts
 Abyss:2: 403 daAuts
    D:10: 176 daAuts
  Temple: 66 daAuts
